| TOP OF THE 1ST |
|
Palm Beach Nationals batting - Pitching for Amarillo ThunderHeads : RHP Ferdi Schipper
|
|
Pitching: RHP Ferdi Schipper
|
|
|
Batting: RHB Bobby Bricker
|
0-0: Foul Ball, location: 2F 0-1: Ball 1-1: Ball 2-1: Ball 3-1: Foul Ball, location: 2F 3-2: Base on Balls
|
|
Batting: RHB Antonio Vallez
|
0-0: Ball 1-0: Swinging Strike 1-1: Called Strike 1-2: Ball 2-2: Ball 3-2: Foul Ball, location: 2F 3-2: Foul Ball, location: 2F 3-2: Base on Balls Bobby Bricker to second
|
|
Batting: LHB Chance McWilliams
|
0-0: Grounds into double play, 3-6-3 (Groundball, 3, EV 108.1 MPH) Bobby Bricker to third
|
|
Batting: RHB Gabe Almazan
|
0-0: Ball 1-0: Ball 2-0: Ball 3-0: Base on Balls
|
|
Batting: RHB Chad Madsen
|
0-0: Ball 1-0: Called Strike 1-1: Ball 2-1: Ball 3-1: Base on Balls Gabe Almazan to second
|
|
Batting: RHB Justin Davenport
|
0-0: Ball 1-0: Swinging Strike 1-1: Called Strike 1-2: Strikes out swinging
|
| Top of the 1st over - 0 runs, 0 hits, 0 errors, 3 left on base; Palm Beach 0 - Amarillo 0 |
| BOTTOM OF THE 1ST |
|
Amarillo ThunderHeads batting - Pitching for Palm Beach Nationals : RHP Matt Norris
|
|
Pitching: RHP Matt Norris
|
|
|
Batting: SHB Tim Rogers
|
0-0: Ball 1-0: Ball 2-0: Called Strike 2-1: Called Strike 2-2: DOUBLE (Line Drive, 78M, EV 107.5 MPH)
|
|
Batting: SHB Zack Barton
|
0-0: Ground out 4-3 (Groundball, 4, EV 89.4 MPH) Tim Rogers to third
|
|
Batting: RHB Nick Solberg
|
0-0: Ball 1-0: Foul Ball, location: 2F 1-1: Hit by Pitch
|
|
Batting: RHB Salvatore Zamora
|
0-0: Ball 1-0: Ball 2-0: 3-RUN HOME RUN (Flyball, 7D, EV 96.9 MPH), Distance : 380 ft
|
|
Batting: RHB Luis Reyna
|
0-0: Called Strike 0-1: Swinging Strike 0-2: Ground out U3 (Groundball, 34, EV 105.0 MPH)
|
|
Batting: RHB Bryan Wheeler
|
0-0: Ball 1-0: SINGLE (Groundball, 34D, EV 101.3 MPH)
|
|
Batting: RHB Jerry Foster
|
0-0: Ball 1-0: Ball 2-0: Foul Ball, location: 2F 2-1: Ball Bryan Wheeler steals 2nd base 3-1: SINGLE (Groundball, 25, EV 71.9 MPH) (infield hit) Bryan Wheeler to third
|
|
Batting: RHB Luis Solorzano
|
0-0: Ball 1-0: Foul Ball, location: 2F 1-1: Ball 2-1: Swinging Strike 2-2: Strikes out swinging
|
| Bottom of the 1st over - 3 runs, 4 hits, 0 errors, 2 left on base; Palm Beach 0 - Amarillo 3 |
| TOP OF THE 2ND |
|
Palm Beach Nationals batting - Pitching for Amarillo ThunderHeads : RHP Ferdi Schipper
|
|
Batting: RHB Steve Kunselman
|
0-0: Called Strike 0-1: Called Strike 0-2: Fly out, F8 (Flyball, 89M, EV 90.6 MPH)
|
|
Batting: RHB Scott Merritt
|
0-0: Ball 1-0: Ball 2-0: Foul Ball, location: 2F 2-1: Foul Ball, location: 2F 2-2: Fly out, F9 (Flyball, 9, EV 91.9 MPH)
|
|
Batting: RHB Jason Ewert
|
0-0: Ball 1-0: Ball 2-0: Called Strike 2-1: Ball 3-1: Called Strike 3-2: Base on Balls
|
|
Batting: RHB Bobby Bricker
|
0-0: Ball 1-0: Ball 2-0: Foul Ball, location: 2F 2-1: Foul Ball, location: 2F 2-2: 2-RUN HOME RUN (Flyball, 78XD, EV 96.3 MPH), Distance : 385 ft
|
|
Batting: RHB Antonio Vallez
|
0-0: Ball 1-0: Called Strike 1-1: Ball 2-1: Foul Ball, location: 2F 2-2: TRIPLE (Line Drive, 89XD, EV 99.4 MPH)
|
|
Batting: LHB Chance McWilliams
|
0-0: Called Strike 0-1: Ball 1-1: Ball Wild Pitch! Antonio Vallez scores 2-1: Ground out 4-3 (Groundball, 34D, EV 111.3 MPH)
|
| Top of the 2nd over - 3 runs, 2 hits, 0 errors, 0 left on base; Palm Beach 3 - Amarillo 3 |
| BOTTOM OF THE 2ND |
|
Amarillo ThunderHeads batting - Pitching for Palm Beach Nationals : RHP Matt Norris
|
|
Batting: SHB Tyler Romo
|
0-0: Bunted foul 0-1: Ground out 4-3 (Groundball, 34, EV 107.5 MPH)
|
|
Batting: SHB Tim Rogers
|
0-0: Foul Ball, location: 2F 0-1: Ball 1-1: Ball 2-1: Foul Ball, location: 2F 2-2: Ball 3-2: Ground out 4-3 (Groundball, 4, EV 85.6 MPH)
|
|
Batting: SHB Zack Barton
|
0-0: Ball 1-0: Swinging Strike 1-1: Ball 2-1: Called Strike 2-2: Strikes out swinging
|
| Bottom of the 2nd over - 0 runs, 0 hits, 0 errors, 0 left on base; Palm Beach 3 - Amarillo 3 |
| TOP OF THE 3RD |
|
Palm Beach Nationals batting - Pitching for Amarillo ThunderHeads : RHP Ferdi Schipper
|
|
Batting: RHB Gabe Almazan
|
0-0: Called Strike 0-1: Ball 1-1: Ball 2-1: Foul Ball, location: 2F 2-2: Strikes out swinging
|
|
Batting: RHB Chad Madsen
|
0-0: Ball 1-0: Foul Ball, location: 2F 1-1: Fly out, F9 (Flyball, 89M, EV 85.0 MPH)
|
|
Batting: RHB Justin Davenport
|
0-0: Ground out 3-1 (Groundball, 34S, EV 90.0 MPH)
|
| Top of the 3rd over - 0 runs, 0 hits, 0 errors, 0 left on base; Palm Beach 3 - Amarillo 3 |
| BOTTOM OF THE 3RD |
|
Amarillo ThunderHeads batting - Pitching for Palm Beach Nationals : RHP Matt Norris
|
|
Batting: RHB Nick Solberg
|
0-0: Ball 1-0: Foul Ball, location: 2F 1-1: Ball 2-1: Called Strike 2-2: Ball 3-2: Base on Balls
|
|
Batting: RHB Salvatore Zamora
|
0-0: Called Strike 0-1: Foul Ball, location: 2F 0-2: Ball 1-2: Fly out, F9 (Line Drive, 9D, EV 96.9 MPH)
|
|
Batting: RHB Luis Reyna
|
0-0: Ball 1-0: Ball 2-0: Foul Ball, location: 2F 2-1: Foul Ball, location: 2F 2-2: Strikes out looking
|
|
Batting: RHB Bryan Wheeler
|
0-0: Ball Nick Solberg steals 2nd base 1-0: Ball 2-0: SINGLE (Line Drive, 56D, EV 99.4 MPH) Nick Solberg to third
|
|
Batting: RHB Jerry Foster
|
Pickoff Throw to First - Error! E1 Nick Solberg scores Bryan Wheeler to second 0-0: Ball 1-0: Swinging Strike 1-1: Ground out 6-3 (Groundball, 56, EV 87.5 MPH)
|
| Bottom of the 3rd over - 1 run, 1 hit, 1 error, 1 left on base; Palm Beach 3 - Amarillo 4 |
| TOP OF THE 4TH |
|
Palm Beach Nationals batting - Pitching for Amarillo ThunderHeads : RHP Ferdi Schipper
|
|
Batting: RHB Steve Kunselman
|
0-0: Ball 1-0: Called Strike 1-1: Ground out 6-3 (Groundball, 6, EV 90.6 MPH)
|
|
Batting: RHB Scott Merritt
|
0-0: Foul Ball, location: 2F 0-1: Ball 1-1: Called Strike 1-2: Foul Ball, location: 2F 1-2: Ball 2-2: Strikes out swinging
|
|
Batting: RHB Jason Ewert
|
0-0: Called Strike 0-1: Ground out 1-3 (Groundball, P, EV 70.0 MPH)
|
| Top of the 4th over - 0 runs, 0 hits, 0 errors, 0 left on base; Palm Beach 3 - Amarillo 4 |
| BOTTOM OF THE 4TH |
|
Amarillo ThunderHeads batting - Pitching for Palm Beach Nationals : RHP Matt Norris
|
|
Batting: RHB Luis Solorzano
|
0-0: Ball 1-0: Called Strike 1-1: Ball 2-1: Foul Ball, location: 2F 2-2: Foul Ball, location: 2F 2-2: Ball 3-2: TRIPLE (Flyball, 9LD, EV 101.3 MPH)
|
|
Batting: SHB Tyler Romo
|
0-0: Called Strike 0-1: Ball 1-1: Foul Ball, location: 2F 1-2: Fly out, F7 (Flyball, 78M, EV 90.6 MPH)
|
|
Batting: SHB Tim Rogers
|
0-0: Ground out 5-3 (Groundball, 56, EV 95.0 MPH) Luis Solorzano scores
|
|
Batting: SHB Zack Barton
|
0-0: Ball 1-0: Fly out, F8 (Flyball, 8RM, EV 78.8 MPH)
|
| Bottom of the 4th over - 1 run, 1 hit, 0 errors, 0 left on base; Palm Beach 3 - Amarillo 5 |
| TOP OF THE 5TH |
|
Palm Beach Nationals batting - Pitching for Amarillo ThunderHeads : RHP Ferdi Schipper
|
|
Batting: RHB Bobby Bricker
|
0-0: Foul Ball, location: 2F 0-1: Ball 1-1: Swinging Strike 1-2: Strikes out swinging
|
|
Batting: RHB Antonio Vallez
|
0-0: Ball 1-0: Ball 2-0: Swinging Strike 2-1: Ball 3-1: Base on Balls
|
|
Batting: LHB Chance McWilliams
|
0-0: Grounds into double play, 3-6-3 (Groundball, 3D, EV 79.4 MPH)
|
| Top of the 5th over - 0 runs, 0 hits, 0 errors, 0 left on base; Palm Beach 3 - Amarillo 5 |
| BOTTOM OF THE 5TH |
|
Amarillo ThunderHeads batting - Pitching for Palm Beach Nationals : RHP Matt Norris
|
|
Batting: RHB Nick Solberg
|
0-0: Ball 1-0: Ball 2-0: Ball 3-0: Base on Balls
|
|
Batting: RHB Salvatore Zamora
|
0-0: Ball 1-0: Ball 2-0: Ball 3-0: Base on Balls Nick Solberg to second
|
|
Batting: RHB Luis Reyna
|
0-0: Called Strike 0-1: Swinging Strike 0-2: Foul Ball, location: 2F 0-2: Foul Ball, location: 2F 0-2: Strikes out swinging
|
|
Batting: RHB Bryan Wheeler
|
0-0: Called Strike 0-1: Reached on error, E4 (Groundball, 4, EV 93.1 MPH) Nick Solberg to third Salvatore Zamora to second
|
|
Batting: RHB Jerry Foster
|
0-0: Ball 1-0: Called Strike 1-1: Foul Ball, location: 2F 1-2: Strikes out looking
|
|
Batting: RHB Luis Solorzano
|
0-0: Ball 1-0: Called Strike 1-1: SINGLE (Groundball, 6MS, EV 75.0 MPH) (infield hit) Nick Solberg scores Salvatore Zamora to third Bryan Wheeler to second
|
|
Batting: SHB Tyler Romo
|
0-0: Called Strike 0-1: Swinging Strike 0-2: Strikes out looking
|
| Bottom of the 5th over - 1 run, 1 hit, 1 error, 3 left on base; Palm Beach 3 - Amarillo 6 |
| TOP OF THE 6TH |
|
Palm Beach Nationals batting - Pitching for Amarillo ThunderHeads : RHP Ferdi Schipper
|
|
Batting: RHB Gabe Almazan
|
0-0: Foul Ball, location: 2F 0-1: Swinging Strike 0-2: Ball 1-2: Strikes out swinging
|
|
Batting: RHB Chad Madsen
|
0-0: Called Strike 0-1: Called Strike 0-2: Ball 1-2: Ball 2-2: Ball 3-2: Base on Balls
|
|
Batting: RHB Justin Davenport
|
0-0: Fly out, F8 (Line Drive, 8LD, EV 90.6 MPH)
|
|
Batting: RHB Steve Kunselman
|
0-0: Called Strike 0-1: Ball 1-1: Foul Ball, location: 2F 1-2: 2-RUN HOME RUN (Flyball, 7LD, EV 94.4 MPH), Distance : 332 ft
|
|
Pitching: RHP Mike Hickey
|
|
|
Batting: RHB Scott Merritt
|
0-0: Ball 1-0: Ball 2-0: Ball 3-0: Called Strike 3-1: Fly out, F8 (Flyball, 8RM, EV 77.5 MPH)
|
| Top of the 6th over - 2 runs, 1 hit, 0 errors, 0 left on base; Palm Beach 5 - Amarillo 6 |
| BOTTOM OF THE 6TH |
|
Amarillo ThunderHeads batting - Pitching for Palm Beach Nationals : RHP Matt Norris
|
|
Batting: SHB Tim Rogers
|
0-0: Called Strike 0-1: Ball 1-1: Ball 2-1: SINGLE (Groundball, 4MS, EV 67.5 MPH) (infield hit)
|
|
Batting: SHB Zack Barton
|
0-0: Ball 1-0: SINGLE (Line Drive, 34, EV 100.0 MPH) Tim Rogers to second
|
|
Batting: RHB Nick Solberg
|
0-0: Ball 1-0: Swinging Strike 1-1: SINGLE (Flyball, 89S, EV 91.3 MPH) Tim Rogers to third Zack Barton to second Runner from 3rd tries for Home, SAFE, throw by CF to home
|
|
Batting: RHB Salvatore Zamora
|
0-0: Foul Ball, location: 2F 0-1: Ball 1-1: Ball 2-1: Foul Ball, location: 2F 2-2: Foul Ball, location: 2F 2-2: Ball 3-2: 3-RUN HOME RUN (Flyball, 7D, EV 95.6 MPH), Distance : 368 ft
|
|
Pitching: RHP Curtis DeLille
|
|
|
Batting: RHB Luis Reyna
|
0-0: Called Strike 0-1: Foul Ball, location: 2F 0-2: Ball 1-2: Strikes out swinging
|
|
Batting: RHB Bryan Wheeler
|
0-0: Ball 1-0: Swinging Strike 1-1: Foul Ball, location: 2F 1-2: Fly out, F3 (Line Drive, 3, EV 70.0 MPH)
|
|
Batting: RHB Jerry Foster
|
0-0: Fly out, F6 (Popup, 6MD, EV 51.3 MPH)
|
| Bottom of the 6th over - 4 runs, 4 hits, 0 errors, 0 left on base; Palm Beach 5 - Amarillo 10 |
| TOP OF THE 7TH |
|
Palm Beach Nationals batting - Pitching for Amarillo ThunderHeads : RHP Mike Hickey
|
|
Batting: RHB Jason Ewert
|
0-0: Foul Ball, location: 2F 0-1: Ball 1-1: Swinging Strike 1-2: Foul Ball, location: 2F 1-2: Foul Ball, location: 2F 1-2: Ball 2-2: Foul Ball, location: 2F 2-2: Ball 3-2: Base on Balls
|
|
Batting: RHB Bobby Bricker
|
0-0: Called Strike 0-1: Ball Passed Ball! Jason Ewert to second 1-1: Ground out 6-3 (Groundball, 6, EV 85.6 MPH) Jason Ewert to third
|
|
Batting: RHB Antonio Vallez
|
0-0: Ball 1-0: Swinging Strike 1-1: Foul Ball, location: 2F 1-2: Foul Ball, location: 2F 1-2: Strikes out swinging
|
|
Batting: LHB Chance McWilliams
|
0-0: Called Strike 0-1: DOUBLE (Line Drive, 78D, EV 105.0 MPH) Jason Ewert scores
|
|
Batting: RHB Gabe Almazan
|
0-0: Fly out, F9 (Flyball, 89M, EV 87.5 MPH)
|
| Top of the 7th over - 1 run, 1 hit, 0 errors, 1 left on base; Palm Beach 6 - Amarillo 10 |
| BOTTOM OF THE 7TH |
|
Amarillo ThunderHeads batting - Pitching for Palm Beach Nationals : RHP Curtis DeLille
|
|
Batting: RHB Luis Solorzano
|
0-0: Swinging Strike 0-1: Ball 1-1: SINGLE (Flyball, 7LS, EV 85.0 MPH)
|
|
Batting: SHB Tyler Romo
|
0-0: Ball 1-0: Ground out 6-3 (Groundball, 6S, EV 66.3 MPH) Luis Solorzano to second
|
|
Batting: SHB Tim Rogers
|
0-0: Ball 1-0: Swinging Strike 1-1: Ball 2-1: Ball 3-1: Ground out 6-3 (Groundball, 6D, EV 101.3 MPH)
|
|
Batting: SHB Zack Barton
|
0-0: Ball 1-0: Fly out, F8 (Flyball, 89D, EV 108.1 MPH)
|
| Bottom of the 7th over - 0 runs, 1 hit, 0 errors, 1 left on base; Palm Beach 6 - Amarillo 10 |
| TOP OF THE 8TH |
|
Palm Beach Nationals batting - Pitching for Amarillo ThunderHeads : RHP Mike Hickey
|
|
Batting: RHB Chad Madsen
|
0-0: Called Strike 0-1: Foul Ball, location: 2F 0-2: Foul Ball, location: 2F 0-2: Ball 1-2: SOLO HOME RUN (Flyball, 7D, EV 96.9 MPH), Distance : 368 ft
|
|
Batting: RHB Justin Davenport
|
0-0: Ground out U3 (Groundball, 23, EV 76.3 MPH)
|
|
Pinch Hitting: LHB Vince McLane
|
0-0: Ball 1-0: Called Strike 1-1: Foul Ball, location: 2F 1-2: Foul Ball, location: 2F 1-2: Strikes out swinging
|
|
Batting: RHB Scott Merritt
|
0-0: Foul Ball, location: 2F 0-1: Ball 1-1: Called Strike 1-2: Ball 2-2: Strikes out swinging
|
| Top of the 8th over - 1 run, 1 hit, 0 errors, 0 left on base; Palm Beach 7 - Amarillo 10 |
| BOTTOM OF THE 8TH |
|
Amarillo ThunderHeads batting - Pitching for Palm Beach Nationals : RHP Curtis DeLille
|
|
Now in RF: Vince McLane
|
|
|
Batting: RHB Nick Solberg
|
0-0: Ground out 6-3 (Groundball, 6, EV 100.0 MPH)
|
|
Batting: RHB Salvatore Zamora
|
0-0: Ball 1-0: Called Strike 1-1: Ball 2-1: Foul Ball, location: 2F 2-2: Ball 3-2: Fly out, F7 (Flyball, 7S, EV 96.9 MPH)
|
|
Batting: RHB Luis Reyna
|
0-0: Foul Ball, location: 2F 0-1: Fly out, F9 (Flyball, 9, EV 90.0 MPH)
|
| Bottom of the 8th over - 0 runs, 0 hits, 0 errors, 0 left on base; Palm Beach 7 - Amarillo 10 |
| TOP OF THE 9TH |
|
Palm Beach Nationals batting - Pitching for Amarillo ThunderHeads : RHP Mike Hickey
|
|
Pitching: RHP Mike Osgood
|
|
|
Now in RF: Sam Voss
|
|
|
Batting: RHB Jason Ewert
|
0-0: Called Strike 0-1: Fly out, F7 (Flyball, 7, EV 83.8 MPH)
|
|
Batting: RHB Bobby Bricker
|
0-0: Called Strike 0-1: Foul Ball, location: 2F 0-2: Foul Ball, location: 2F 0-2: Strikes out swinging
|
|
Batting: RHB Antonio Vallez
|
0-0: Ball 1-0: Ball 2-0: Foul Ball, location: 2F 2-1: Ball 3-1: Base on Balls
|
|
Batting: LHB Chance McWilliams
|
0-0: Fielders Choice at 2nd, 5-4 (Groundball, 56, EV 97.5 MPH)
|
| Top of the 9th over - 0 runs, 0 hits, 0 errors, 1 left on base; Palm Beach 7 - Amarillo 10 |
|